 Dungeon Crawl Stone Soup version 0.20.1-1-g8b1a95d (webtiles) character file.

3418 homeworkjunkie the Cleaver (level 10, -10/86 HPs)
             Began as a Hill Orc Fighter on Nov 30, 2017.
             Killed from afar by Maurice (19 damage)
             ... with a wand of lightning (?/15)
             ... on level 8 of the Dungeon.
             The game lasted 00:11:31 (6021 turns).

homeworkjunkie the Cleaver (Hill Orc Fighter)       Turns: 6021, Time: 00:11:32

Health: -10/86     AC: 11    Str: 21    XL:     10   Next: 5%
Magic:  22/22      EV:  6    Int:  8    God:
Gold:   525        SH: 11    Dex: 12    Spells: 9/9 levels left

rFire    . . .     SeeInvis .   a - +0 war axe
rCold    + . .     Gourm    .   c - +0 shield
rNeg     . . .     Faith    .   k - +0 chain mail
rPois    .         Spirit   .   o - +0 hat
rElec    .         Reflect  .   (no cloak)
rCorr    .         Harm     .   h - +0 pair of gloves
MR       .....     Rnd*Tele +   (no boots)
Stlth    ..........             (no amulet)
Regen    0.3/turn               l - ring of magical power
MPRegen  0.2/turn               (no ring)

@: no status effects
A: cold resistance 1, mutation resistance 1, teleportitis 1, wild magic 1
a: no special abilities


You were on level 8 of the Dungeon.
You were full.

You visited 2 branches of the dungeon, and saw 9 of its levels.

You collected 525 gold pieces.

Inventory:

Hand Weapons
 a - a +0 war axe (weapon)
Armour
 c - a +0 shield (worn)
 h - a +0 pair of gloves (worn)
 k - a +0 chain mail (worn)
 o - a +0 hat (worn)
Jewellery
 l - a ring of magical power (left hand)
Wands
 b - a wand of digging (14/24)
 f - a wand of scattershot (0/9)
 g - a wand of lightning (0/15)
 j - a wand of lightning (5/15)
 n - a wand of lightning (2/15)
 p - a wand of flame (23/48)
 q - a wand of iceblast (0/15)
Scrolls
 e - a scroll of immolation
 i - 4 scrolls of remove curse
 m - 4 scrolls of teleportation
 s - a scroll of blinking
Potions
 r - a potion of flight
Comestibles
 d - 2 meat rations


   Skills:
 * Level 7.3 Fighting
 * Level 11.4 Axes
 * Level 7.1 Armour
 + Level 1.0 Dodging
 + Level 0.1 Stealth
 * Level 7.1 Shields
 * Level 4.4 Evocations


You had 9 spell levels left.
You didn't know any spells.

Dungeon Overview and Level Annotations

Branches:
Dungeon (8/15)             Temple (1/1) D:4
   Lair: D:8-11

Altars:
Ashenzari
Cheibriados
Dithmenos
Elyvilon
Gozag
Hepliaklqana
Kikubaaqudgha
Makhleb
Nemelex Xobeh
Ru
Sif Muna
Trog
Uskayaw
Yredelemnul
Zin
The Shining One

Shops:
D:4 (   D:6 %

Annotations:
D:8 Maurice


Innate Abilities, Weirdness & Mutations

Your flesh is cold resistant. (rC+)
You are somewhat resistant to further mutation.
You are occasionally teleported next to monsters.
Your spells are a little harder to cast, but a little more powerful.


Message History

The bolt of lightning hits the hound.
You kill the hound!
This wand has 4 charges left.
You hear a screech!
Maurice says, "Nice gear.
Can I borrow some?"
Maurice throws a throwing net.
You block the throwing net.
Evoke which item? (* to show all) (? for menu, Esc to quit)
Aiming: Lightning Bolt
Press: ? - help, Shift-Dir - straight line You hear a mighty clap of thunder!
The bolt of lightning hits the jelly.
You kill the jelly!
This wand has 3 charges left.
Evoke which item? (* to show all) (? for menu, Esc to quit)
Aiming: Lightning Bolt
Press: ? - help, Shift-Dir - straight line You hear a mighty clap of thunder!
The bolt of lightning misses Maurice.
This wand has 2 charges left.
Maurice zaps a wand.
The bolt of lightning hits you!
You die...

### .... #######
##.... #....).
#......
#...<..#####.Jh...
.....(...).)).#
.......##..)###.#
####### #.#@....#
#########.#@#......
#...........#......
# #.#####.#####
..... #.##.####..#
#......
..<.......#####..
....
......#.....#...#
####
...<..........#
..............#
..............#


You could see Maurice.

Vanquished Creatures
  Gastronok (D:8)
  A water moccasin (D:6)
  The ghost of Rhok the Skirmisher, an amateur MiAs (D:3)
  An orc warrior (D:6)
  3 ogres
  A phantom (D:7)
  A centaur (D:8)
  Blork the orc (D:5)
  4 bullfrogs
  A wyvern zombie (D:5)
  A gnoll sergeant (D:8)
  A howler monkey (D:4)
  4 crimson imps
  A quasit (D:6)
  2 hounds
  A jelly (D:8)
  A gnoll shaman (D:8)
  An orc priest (D:3)
  3 orc wizards
  A bullfrog skeleton (D:5)
  4 worker ants
  A hound skeleton (D:8)
  9 gnolls (D:8)
  A howler monkey skeleton (D:4)
  6 adders
  2 shadow imps
  An ooze (D:3)
  2 adder skeletons
  3 leopard geckos
  12 orcs
  4 bats
  9 giant cockroaches
  8 goblins
  9 hobgoblins
  A jackal (D:1)
  5 kobolds
  2 quokkas (D:3)
  2 ball pythons
  4 frilled lizards
  A kobold skeleton (D:3)
  A leopard gecko skeleton (D:7)
  A quokka skeleton (D:5)
  6 rats
125 creatures vanquished.

Vanquished Creatures (others)
  A rat (D:3)
1 creature vanquished.

Grand Total: 126 creatures vanquished

Notes
Turn   | Place    | Note
-------+----------+-------------------------------------------
     0 | D:1      | homeworkjunkie the Hill Orc Fighter began the quest for the Orb.
     0 | D:1      | Reached XP level 1. HP: 19/19 MP: 1/1
   126 | D:1      | Reached skill level 3 in Axes
   126 | D:1      | Reached XP level 2. HP: 27/27 MP: 2/2
   344 | D:3      | Reached XP level 3. HP: 19/33 MP: 3/3
   346 | D:3      | Reached skill level 4 in Axes
   346 | D:3      | Reached XP level 4. HP: 24/40 MP: 4/4
   391 | D:3      | Noticed Rhok's ghost (amateur MiAs)
   935 | D:3      | Killed Rhok's ghost
   935 | D:3      | Reached skill level 5 in Axes
   935 | D:3      | Reached XP level 5. HP: 42/47 MP: 5/5
  1020 | D:3      | Found a runed door.
  1020 | D:3      | Noticed a human
  1024 | D:3      | Found a basalt altar of Yredelemnul.
  1234 | D:3      | Reached XP level 6. HP: 53/53 MP: 6/6
  2051 | D:4      | Found a staircase to the Ecumenical Temple.
  2057 | Temple   | Entered the Ecumenical Temple
  2142 | D:4      | Reached skill level 6 in Axes
  2317 | D:4      | Reached skill level 1 in Evocations
  2325 | D:4      | Reached skill level 5 in Fighting
  2325 | D:4      | Reached XP level 7. HP: 34/61 MP: 7/7
  2327 | D:4      | Gained mutation: You are frail. (-10% HP) [potion of mutation]
  2327 | D:4      | Gained mutation: Your magical capacity is low. (-10% MP) [potion of mutation]
  2327 | D:4      | Gained mutation: You have large cloven feet. [potion of mutation]
  2402 | D:5      | Entered Level 5 of the Dungeon
  2420 | D:5      | Reached skill level 7 in Axes
  2725 | D:4      | Found Biddish's Weapon Boutique.
  3178 | D:5      | Noticed Blork the orc
  3192 | D:5      | Killed Blork the orc
  3234 | D:5      | Reached skill level 8 in Axes
  3720 | D:5      | Reached skill level 5 in Armour
  3720 | D:5      | Reached XP level 8. HP: 51/61 MP: 8/8
  3974 | D:6      | Noticed a dagger
  3974 | D:6      | Noticed a hand axe
  3975 | D:6      | Found a hide-covered altar of Uskayaw.
  3987 | D:6      | Lost mutation: Your magical capacity is low. (-10% MP) [potion of mutation]
  3987 | D:6      | Lost mutation: You are frail. (-10% HP) [potion of mutation]
  3987 | D:6      | Lost mutation: You have large cloven feet. [potion of mutation]
  3987 | D:6      | Gained mutation: Your spells are a little harder to cast, but a little more powerful. [potion of mutation]
  3987 | D:6      | Gained mutation: Your flesh is cold resistant. (rC+) [potion of mutation]
  3987 | D:6      | Gained mutation: You are occasionally teleported next to monsters. [potion of mutation]
  3987 | D:6      | Gained mutation: You are somewhat resistant to further mutation. [potion of mutation]
  4037 | D:6      | Reached skill level 5 in Shields
  4146 | D:6      | Found a shattered altar of Ashenzari.
  4270 | D:6      | Reached skill level 9 in Axes
  4913 | D:6      | Found Mielunig's Food Emporium.
  5644 | D:8      | Reached XP level 9. HP: 68/75 MP: 11/11
  5691 | D:8      | Noticed Gastronok
  5706 | D:8      | Killed Gastronok
  5706 | D:8      | Reached skill level 11 in Axes
  5989 | D:8      | Reached skill level 1 in Dodging
  5989 | D:8      | Reached XP level 10. HP: 70/86 MP: 13/13
  6005 | D:8      | Noticed Maurice
  6021 | D:8      | Killed from afar by Maurice

Skill      XL: |  1  2  3  4  5  6  7  8  9 |
---------------+----------------------------+-----
Axes           | 3 4 5 6 8 9 11 | 11.4
Fighting       | 4 5 7 |  7.3
Shields        | 4 6 7 |  7.1
Armour         | 4 5 6 7 |  7.1
Evocations     | 1 2 3 4 |  4.4
Dodging        | 1 |  1.0
Stealth        | |  0.1

Action                   |  1- 3 |  4- 6 |  7- 9 | 10-12 || total
-------------------------+-------+-------+-------+-------++-------
Melee: War axe           |    49 |   128 |   317 |    13 ||   507
       Kick              |       |       |    10 |       ||    10
Evoke: Wand              |       |       |    22 |     5 ||    27
  Use: Scroll            |     1 |     8 |    11 |       ||    20
       Potion            |     1 |     4 |     8 |       ||    13
  Eat: Bread ration      |       |     1 |     4 |       ||     5
       Fruit             |       |       |     4 |       ||     4
Armor: Scale mail        |    21 |    60 |     2 |       ||    83
       Chain mail        |       |       |   252 |     4 ||   256
Dodge: Dodged            |    10 |    32 |    81 |     5 ||   128
Block: Shield            |    21 |    75 |   169 |    11 ||   276
